 Dungeon Crawl Stone Soup version 0.20.1-1-g8b1a95d (webtiles) character file.

73 Romulous the Shield-Bearer (level 4, -12/40 HPs)
             Began as a Minotaur Fighter on Oct 24, 2017.
             Killed by divine providence
             ... invoked by an orc priest
              (13 damage)
             ... on level 3 of the Dungeon.
             The game lasted 00:08:57 (1659 turns).

Romulous the Shield-Bearer (Minotaur Fighter)       Turns: 1659, Time: 00:09:00

Health: -12/40     AC: 13    Str: 22    XL:     4   Next: 8%
Magic:  3/3        EV:  4    Int:  5    God:
Gold:   56         SH:  9    Dex:  9    Spells: 3/3 levels left

rFire    . . .     SeeInvis .   a - +0 war axe
rCold    . . .     Gourm    .   c - +0 shield
rNeg     . . .     Faith    .   k - +0 plate armour
rPois    .         Spirit   .   (helmet restricted)
rElec    .         Reflect  .   (no cloak)
rCorr    .         Harm     .   m - +0 pair of gloves
MR       .....                  (no boots)
Stlth    ..........             (no amulet)
Regen    0.2/turn               (no ring)
MPRegen  0.1/turn               (no ring)

@: no status effects
A: retaliatory headbutt, horns 2
a: no special abilities


You were on level 3 of the Dungeon.
You were not hungry.

You visited 1 branch of the dungeon, and saw 3 of its levels.

You collected 56 gold pieces.

Inventory:

Hand Weapons
 a - a +0 war axe (weapon)
Armour
 c - a +0 shield (worn)
 k - a +0 plate armour (worn)
 m - a +0 pair of gloves (worn)
Scrolls
 h - a scroll of identify {unknown}
 i - 3 scrolls of teleportation {unknown}
 o - a scroll of enchant weapon {unknown}
Potions
 d - a potion of might
 e - a potion of brilliance {unknown}
 j - 2 potions of agility {unknown}
 n - a potion of curing {unknown}
Comestibles
 b - a chunk of flesh
 f - a bread ration
 g - 6 fruits
 l - a royal jelly


   Skills:
 + Level 4.1 Fighting
 + Level 3.6 Axes
 + Level 4.2 Armour
 + Level 0.2 Dodging
 + Level 0.1 Stealth
 + Level 4.3 Shields


You had 3 spell levels left.
You didn't know any spells.

Dungeon Overview and Level Annotations

Branches:
Dungeon (3/15)

Altars:
Hepliaklqana


Innate Abilities, Weirdness & Mutations

You reflexively headbutt those who attack you in melee.
You have a pair of horns on your head.


Message History

You headbutt the orc.
You kill the orc!
The orc wizard completely misses you. You furiously retaliate!
You headbutt the orc wizard!
The orc priest hits you but does no damage.
A gnoll comes into view. It is wielding a club.
The gnoll shouts!
You hit the orc priest but do no damage.
The orc priest is lightly wounded.
You slash the orc!
You kill the orc!
You closely miss the orc wizard. You slash the orc priest!
Your shield prevents you from hitting the orc.
The orc hits you.
* * * LOW HITPOINT WARNING * * *
You block the orc priest's attack.
The orc wizard hits you but does no damage.
The orc priest mumbles some strange prayers to Beogh against you.
Beogh smites you!
You die...

..###.......#
#.##......#
...#......# #.
#......#
#.#..#####
#.##.......
####....#######.#
#................
..##.............
......#..#.......
...##....#o....##
.(. ###.)@o......
.. #.ooo......
............#
#####........#
.........#
.##........ .
#g....... .
....####.


You could see 2 orc priests, an orc wizard, a gnoll and 2 orcs.

Vanquished Creatures
  An adder (D:2)
  2 dart slugs (D:1)
  3 leopard geckos
  4 orcs (D:3)
  A giant cockroach (D:1)
  6 goblins
  2 hobgoblins
  7 jackals (D:2)
  A quokka (D:2)
  A ball python (D:2)
  3 bats
  14 kobolds
  7 rats
  A plant (D:2)
53 creatures vanquished.

Notes
Turn   | Place    | Note
-------+----------+-------------------------------------------
     0 | D:1      | Romulous the Minotaur Fighter began the quest for the Orb.
     0 | D:1      | Reached XP level 1. HP: 19/19 MP: 0/0
    37 | D:1      | Reached XP level 2. HP: 19/27 MP: 1/1
   785 | D:1      | Reached XP level 3. HP: 31/33 MP: 2/2
  1605 | D:3      | Found a hazy altar of Hepliaklqana.
  1657 | D:3      | Reached XP level 4. HP: 11/40 MP: 3/3
  1657 | D:3      | HP: 2/40 [orc wizard/puff of flame (9)]
  1659 | D:3      | Killed from afar by an orc priest

Skill      XL: |  1  2  3 |
---------------+----------+-----
Shields        | 4 |  4.3
Armour         | 4 |  4.2
Fighting       | 4 |  4.1
Axes           | 3 |  3.6
Dodging        | |  0.2
Stealth        | |  0.1

Action                   |  1- 3 |  4- 6 || total
-------------------------+-------+-------++-------
Melee: War axe           |   144 |     2 ||   146
       Headbutt          |    26 |       ||    26
  Eat: Chunk             |     3 |       ||     3
Armor: Scale mail        |     1 |       ||     1
       Plate armour      |    82 |     1 ||    83
Dodge: Dodged            |    25 |     2 ||    27
Block: Shield            |    76 |     1 ||    77
